 Dungeon Crawl Stone Soup version 0.28.0-53-g5a82cb258f (webtiles) character file.

Game seed: 8616639967086449421

582 pkoi the Conjurer (level 6, -19/45 HPs)
             Began as a Demigod Conjurer on June 1, 2022.
             Killed from afar by an acid dragon (31 damage)
             ... with a splash of acid
             ... on level 5 of the Dungeon.
             The game lasted 00:05:43 (6446 turns).

pkoi the Conjurer (Demigod Conjurer)                Turns: 6446, Time: 00:05:44

Health: -19/45     AC:  2    Str:  8    XL:     6   Next: 90%
Magic:  1/11       EV: 12    Int: 28    God:
Gold:   215        SH:  0    Dex: 12    Spells: 1/8 levels left

rFire   . . .      SeeInvis .   o - +0 spear (flame)
rCold   . . .      Faith    .   (no shield)
rNeg    . . .      Spirit   .   a - +0 robe
rPois   .          Reflect  .   (no helmet)
rElec   .          Harm     .   (no cloak)
rCorr   .          Rampage  .   (no gloves)
Will    .....                   (no boots)
Stlth   ++........              (no amulet)
HPRegen 0.15/turn               (no ring)
MPRegen 0.12/turn               (no ring)

@: no status effects
A: high MP 1, forlorn, divine attributes
a: no special abilities


You were on level 5 of the Dungeon.
You visited 1 branch of the dungeon, and saw 5 of its levels.

You collected 215 gold pieces.

Inventory:

Hand Weapons
 b - a +0 spear
 o - a +0 spear of flaming (weapon)
Missiles
 g - 8 poisoned darts
Armour
 a - a +0 robe (worn)
 l - a +0 chain mail of fire resistance
Wands
 d - a wand of polymorph (2)
Scrolls
 k - a scroll of teleportation
Potions
 c - 2 potions of heal wounds
 e - 2 potions of magic
 f - 2 potions of curing
 i - a potion of might {unknown}
 j - a potion of flight


   Skills:
 - Level 1.7 Dodging
 - Level 1.7 Stealth
 - Level 1.7 Spellcasting
 * Level 7.1 Conjurations
 + Level 2.2 Hexes
 + Level 2.1 Translocations


You had one spell level left.
You knew the following spells:

 Your Spells              Type           Power      Damage    Failure   Level
a - Magic Dart            Conj           100%       1d8       1%          1
b - Searing Ray           Conj           84%        2d7       1%          2
c - Iskenderun's Mystic   Conj/Tloc      28%        2d7       14%         4

Your spell library contained the following spells:

 Spells                   Type           Power      Damage    Failure   Level
 Summon Small Mammal      Summ           8%         N/A       10%         1
 Dazzling Flash           Conj/Hex       56%        N/A       4%          3
 Portal Projectile        Hex/Tloc       28%        N/A       12%         3
 Corpse Rot               Necr/Air       4%         N/A       14%         2
 Poisonous Vapours        Pois/Air       4%         N/A       14%         2
 Fulminant Prism          Conj/Hex       14%        3d9       14%         4
 Summon Guardian Golem    Hex/Summ       8%         N/A       19%         3
 Call Canine Familiar     Summ           2%         N/A       28%         3
 Blade Hands              Tmut           1%         N/A       95%         5
 Excruciating Wounds      Necr           1%         N/A       95%         5
 Orb of Destruction       Conj           21%        9d8       99%         7
 Spellforged Servitor     Conj/Summ      11%        N/A       100%        7


Dungeon Overview and Level Annotations

Branches:
Dungeon (5/15)             Temple (0/1) D:5

Shops:
D:3 *

Annotations:
D:4 2 runed translucent doors, Icepheonix32's ghost, amateur DsIE


Innate Abilities, Weirdness & Mutations

You have an increased reservoir of magic. (+10% MP)
You shall have no god before yourself.
Your divine heritage dramatically boosts your attributes as you level up.


Message History

The phantom blinks!
You blink.
An ufetubus comes into view.
The ufetubus shouts!
The phantom hits you.
* * * LOW HITPOINT WARNING * * *
Aiming: Magic Dart (safe; 1% risk of failure)
Press: ? - help, Q - select action, (/) - cycle Shift-Dir - straight line, f - phantom
Aim: a phantom (severely damaged, 100% to hit)
The magic dart hits the phantom.
The phantom is severely damaged.
The phantom barely misses you.
Unknown command.
Aiming: Magic Dart (safe; 1% risk of failure)
Press: ? - help, Q - select action, (/) - cycle Shift-Dir - straight line, f/p - phantom
Aim: a phantom (severely damaged, 100% to hit)
The magic dart hits the phantom.
The phantom is almost destroyed.
The phantom hits you but does no damage.
Aiming: Magic Dart (safe; 1% risk of failure)
Press: ? - help, Q - select action, (/) - cycle Shift-Dir - straight line, f/p - phantom
Aim: a phantom (almost destroyed, 100% to hit)
The magic dart hits the phantom.
The phantom is almost destroyed.
The phantom hits you.
* * * LOW HITPOINT WARNING * * *
The phantom blinks!
You blink.
Found a glowing trident.
You hit the phantom. You burn the phantom.
You destroy the phantom!
Your Conjurations skill increases to level 7!
An orc comes into view. It is wielding a +0 hand axe.
The ufetubus barely misses you. The ufetubus closely misses you.
A scorpion zombie comes into view.
The orc shouts!
An acid dragon comes into view.
Found 14 gold pieces.
The ufetubus closely misses you. The ufetubus hits you.
* * * LOW HITPOINT WARNING * * *
The acid dragon spits acid at you. The splash of acid hits you!!
Ouch! That really hurt!
You die...

$# .#. .#
.#D..#..#.#.
#...#......
...Z.o...# .#...#...#
#...#....# #
#)....####.#
#....#..#.#####
#...#@5...........
..........#..#.####
.##..###..#..# ....
##.#..# ### ###.#..#
##.##...#(.#
......#.#..#
.##.......#
.....#.#ยง.^#######.#


You could see an acid dragon (catching breath), an orc, an ufetubus and a
scorpion zombie (wandering).

Vanquished Creatures
  Menkaure (D:5)
  A phantom (D:5)
  A scorpion (D:4)
  A wyvern zombie (D:5)
  A water moccasin zombie (D:3)
  Ijyb (D:3)
  A scorpion zombie (D:5)
  A hound skeleton (D:4)
  8 gnolls
  An adder (D:4)
  2 worms
  4 dart slugs
  An orc (D:3)
  4 bats
  5 endoplasms
  A giant cockroach (D:4)
  10 goblins
  4 hobgoblins
  2 jackals (D:1)
  2 quokkas
  5 ball pythons
  9 kobolds
  2 rats (D:1)
68 creatures vanquished.

Vanquished Creatures (others)
  3 fungi (D:2)
  2 plants (D:2)
5 creatures vanquished.

Grand Total: 73 creatures vanquished

Notes
Turn   | Place    | Note
-------+----------+-------------------------------------------
     0 | D:1      | pkoi the Demigod Conjurer began the quest for the Orb.
     0 | D:1      | Reached XP level 1. HP: 14/14 MP: 5/5
    39 | D:1      | Reached skill level 4 in Conjurations
   249 | D:1      | Reached XP level 2. HP: 20/20 MP: 5/7
  1305 | D:1      | You fall into a shaft and drop 1 floor!
  1348 | D:2      | Reached XP level 3. HP: 26/26 MP: 2/8
  2776 | D:2      | Learned a level 2 spell: Searing Ray
  3449 | D:3      | Found Cetoxos's Assorted Antiques.
  3461 | D:3      | Reached skill level 5 in Conjurations
  3564 | D:3      | Noticed Ijyb
  3606 | D:3      | Killed Ijyb
  3607 | D:3      | Reached XP level 4. HP: 33/33 MP: 1/9
  4282 | D:3      | Reached skill level 6 in Conjurations
  4282 | D:3      | Reached XP level 5. HP: 35/38 MP: 3/10
  4554 | D:3      | Learned a level 4 spell: Iskenderun's Mystic Blast
  5046 | D:4      | Found a runed translucent door.
  5049 | D:4      | Noticed Icepheonix32's ghost (amateur DsIE)
  5365 | D:4      | Found a runed translucent door.
  5429 | D:4      | Found a transporter.
  5619 | D:4      | Reached skill level 1 in Hexes
  5619 | D:4      | Reached skill level 1 in Translocations
  6044 | D:5      | Entered Level 5 of the Dungeon
  6061 | D:5      | Noticed Menkaure
  6066 | D:5      | Killed Menkaure
  6067 | D:5      | Reached XP level 6. HP: 24/45 MP: 3/11
  6391 | D:5      | Found a staircase to the Ecumenical Temple.
  6442 | D:5      | Reached skill level 7 in Conjurations
  6445 | D:5      | Noticed an acid dragon
  6446 | D:5      | Killed from afar by an acid dragon

Illustrated notes

Levels and vault maps discovered:
D:1:      minmay_arrival_split_and_join, layout_basic, minivault_11,
          grunt_decor_fettered, minmay_heptomino_h4
D:2:      layout_basic, shapermc_ecumenical_altar_mp_ritualfount
D:3:      layout_loops_corners, old_standard_altar,
          grunt_temple_overflow_diamond, serial_shops,
          nicolae_shop_temple_entry_statues_fountains, uniq_ijyb
D:4:      layout_basic, grunt_nemelex_the_gamble, ebering_ghost_sewer_f
D:5:      cheibrodos_fzero, layout_basic, gammafunk_temple_overflow_forgotten,
          minmay_temple_entry_slanted, minmay_crystal_room, uniq_menkaure,
          uniq_crazy_yiuf_cottage, uniq_sigmund

Skill      XL: |  1  2  3  4  5  6 |
---------------+-------------------+-----
Conjurations   | 4 5 6 7 |  7.1
Hexes          | 1 2 |  2.2
Translocations | 1 2 |  2.1
Dodging        | |  1.7
Stealth        | |  1.7
Spellcasting   | |  1.7

Action                   |  1- 3 |  4- 6 || total
-------------------------+-------+-------++-------
Melee: Spear             |    31 |     7 ||    38
 Cast: Magic Dart        |    89 |    60 ||   149
       Searing Ray       |     2 |    10 ||    12
  Use: Scroll            |     7 |     3 ||    10
       Potion            |     2 |       ||     2
Armor: Skin              |    16 |       ||    16
       Robe              |    10 |     3 ||    13
Dodge: Dodged            |    29 |    17 ||    46
